 Dungeon Crawl Stone Soup version 0.27-a0-705-ga0013940fb (webtiles) character file.

Game seed: 6517742373295610380

275 jestyr24 the Conjurer (level 6, -8/32 HPs)
             Began as a Deep Elf Conjurer on Mar 22, 2021.
             Was an Initiate of Vehumet.
             Killed by nerve-wracking pain
             ... invoked by an orc priest
              (10 damage)
             ... on level 4 of the Dungeon.
             The game lasted 00:12:44 (3634 turns).

jestyr24 the Conjurer (Deep Elf Conjurer)           Turns: 3634, Time: 00:12:45

Health: -8/32      AC:  7    Str:  4    XL:     6   Next: 3%
Magic:  13/15      EV: 12    Int: 25    God:    Vehumet [......]
Gold:   132        SH:  0    Dex: 13    Spells: 8/15 levels left

rFire    . . .     SeeInvis .   o - +1 whip (drain)
rCold    . . .     Faith    .   (no shield)
rNeg     . . .     Spirit   .   a - +0 robe
rPois    .         Reflect  .   (no helmet)
rElec    .         Harm     .   k - +0 cloak
rCorr    .         Rampage  .   (no gloves)
Will     .....                  (no boots)
Stlth    ++........             (no amulet)
HPRegen  0.10/turn              b - +4 ring of protection
MPRegen  0.14/turn              h - ring of wizardry

@: hasted, very quick
A: no striking features
a: Renounce Religion


You were on level 4 of the Dungeon.
You worshipped Vehumet.
Vehumet was noncommittal.
You visited 2 branches of the dungeon, and saw 5 of its levels.

You collected 132 gold pieces.

Inventory:

Hand Weapons
 e - a +0 dagger of holy wrath
 o - a +1 whip of draining (weapon)
Missiles
 f - 33 stones
Armour
 a - a +0 robe (worn)
 k - a +0 cloak (worn)
Magical Staves
 s - a staff of air
Jewellery
 b - a +4 ring of protection (right hand)
 d - an amulet of guardian spirit
 h - a ring of wizardry (left hand)
Wands
 p - a wand of flame (21)
Scrolls
 g - 3 scrolls of teleportation {unknown}
 i - a scroll of enchant weapon {unknown}
 j - a scroll of fog {unknown}
 l - a scroll of brand weapon {unknown}
 m - 2 scrolls of enchant armour {unknown}
 n - a scroll of silence {unknown}
Potions
 c - 2 potions of curing
 r - a potion of magic {unknown}


   Skills:
 + Level 3.0 Dodging
 * Level 3.3 Stealth
 + Level 5.1 Spellcasting
 + Level 6.6 Conjurations


You had 8 spell levels left.
You knew the following spells:

 Your Spells              Type           Power      Damage    Failure   Level
a - Magic Dart            Conj           100%       1d8       1%          1
b - Searing Ray           Conj           78%        3d6       1%          2
c - Fulminant Prism       Conj/Hex       11%        3d9       9%          4

Your spell library contained the following spells:

 Spells                   Type           Power      Damage    Failure   Level
 Dazzling Flash           Conj/Hex       46%        N/A       2%          3
 Iskenderun's Mystic Bla  Conj/Tloc      23%        2d6       9%          4


Dungeon Overview and Level Annotations

Branches:
Dungeon (4/15)             Temple (1/1) D:4

Altars:
Ashenzari
Cheibriados
Dithmenos
Elyvilon
Fedhas
Gozag
Hepliaklqana
Kikubaaqudgha
Makhleb
Nemelex Xobeh
Okawaru
Qazlal
Ru
Sif Muna
Trog
Uskayaw
Vehumet
Wu Jian
Xom
Yredelemnul
Zin
The Shining One


Message History

The orc wizard gestures at itself while chanting.
The orc wizard flickers and vanishes!
Deactivating autopickup; reactivate with Ctrl-A.
Unknown command.
The orc barely misses you.
The orc priest hits you with a +0 short sword!
You hit the orc priest.
The orc priest is lightly wounded.
The orc priest hits you with a +0 short sword.
Something hits you but does no damage. The orc barely misses you.
Your +0 dagger of holy wrath stops glowing.
You sense an unholy aura.
o - a +1 whip of draining (weapon)
The orc priest hits you with a +0 short sword.
Something hits you.
You bump into the rock wall.
The orc closely misses you.
The orc priest invokes the aid of Beogh against you.
Pain shoots through your body!
* * * LOW HITPOINT WARNING * * *
Something hits you but does no damage.
You are too confused!
It was a potion of curing.
You feel better. The orc closely misses you.
The orc priest hits you with a +0 short sword.
Something hits you but does no damage.
Casting: Magic Dart (safe; 1% risk of failure)
Confirm with . or Enter, or press ? or * to list all spells.
Aiming: Searing Ray (safe; 1% risk of failure)
Press: ? - help, Shift-Dir - straight line, f - orc priest
Aim: an orc priest, wielding a +0 short sword (lightly wounded, 19% to evade)
The searing ray hits the orc priest.
The orc priest is heavily wounded. (Press . to maintain the ray.)
The orc priest mumbles some strange prayers to Beogh against you.
Beogh smites you!
* * * LOW HITPOINT WARNING * * *
It was a potion of haste.
You feel yourself speed up. The orc barely misses you.
The orc priest calls down the wrath of Beogh upon you.
Pain shoots through your body!
You die...

......#..............
...........#...#.##...
..####.....#...#.(. .# .
..≈≈≈..........#.###.#..
.≈≈§§≈.................
≈≈≈≈≈≈≈..[.##....!...#
§§≈>§§≈....#.........#
≈§§≈≈≈≈....#....oo...#
.≈≈§≈≈.###.##+##@....#
..≈≈≈..# .# #........
.#.#..#### # ##.......
.#.......# .......
.###..##.#.#.# .......
.............. ......#
####...#.#.#.# #######
....(......#
###....#####


You could see an orc priest and an orc.

Vanquished Creatures
  A centaur skeleton (D:4)
  A hound (D:4)
  2 orc wizards (D:3)
  2 worker ants (D:4)
  A hound skeleton (D:4)
  3 adders (D:2)
  A shadow imp (Temple)
  2 dart slugs
  6 orcs
  8 ball pythons
  8 bats
  3 giant cockroaches
  A goblin (D:3)
  7 hobgoblins
  6 kobolds
  4 oozes
  4 quokkas
  3 frilled lizards
  4 rats
67 creatures vanquished.

Notes
Turn   | Place    | Note
-------+----------+-------------------------------------------
     0 | D:1      | jestyr24 the Deep Elf Conjurer began the quest for the Orb.
     0 | D:1      | Reached XP level 1. HP: 10/10 MP: 6/6
   146 | D:1      | Reached XP level 2. HP: 15/15 MP: 1/8
   207 | D:1      | Learned a level 2 spell: Searing Ray
   355 | D:1      | Reached skill level 5 in Conjurations
   782 | D:2      | Reached XP level 3. HP: 19/19 MP: 2/9
  1777 | D:2      | Reached XP level 4. HP: 24/24 MP: 8/11
  2235 | D:3      | Reached skill level 6 in Conjurations
  2680 | D:3      | Reached XP level 5. HP: 28/28 MP: 10/13
  2833 | D:3      | Found an opulent altar of Gozag.
  2904 | D:3      | Learned a level 4 spell: Fulminant Prism
  3169 | D:4      | Reached skill level 5 in Spellcasting
  3334 | D:4      | Found a staircase to the Ecumenical Temple.
  3344 | Temple   | Entered the Ecumenical Temple
  3384 | Temple   | Became a worshipper of Vehumet
  3557 | D:4      | Reached XP level 6. HP: 27/32 MP: 9/15
  3634 | D:4      | Killed from afar by an orc priest

Illustrated notes

Levels and vault maps discovered:
D:1:      saegor_arrival_simple_c, layout_loops_ring, minmay_indecisive_spiral
D:2:      layout_basic, minmay_misc_feat_square, kennysheep_generic_room_14
D:3:      layout_loops_corners, grunt_gozag_breadcrumbs
D:4:      layout_basic, minmay_temple_entry_mist, sigmund_army
Temple:   minmay_crystal_snake_temple

Skill      XL: |  1  2  3  4  5 |
---------------+----------------+-----
Conjurations   | 5 6 |  6.6
Spellcasting   | 4 5 |  5.1
Stealth        | 3 |  3.3
Dodging        | 3 |  3.0

Action                   |  1- 3 |  4- 6 || total
-------------------------+-------+-------++-------
Melee: Whip              |       |     7 ||     7
       Dagger            |       |     3 ||     3
 Cast: Magic Dart        |    57 |    27 ||    84
       Searing Ray       |     2 |    14 ||    16
  Use: Potion            |       |     2 ||     2
Armor: Robe              |     1 |    11 ||    12
Dodge: Dodged            |     3 |    17 ||    20

Table legend: (Time is in decaauts)
 A = Elapsed time spent in this place.
 B = Non-inter-level travel time spent in this place.
 C = Inter-level travel time spent in this place.
 D = Time resting spent in this place.
 E = Time spent auto-exploring this place.
 F = Levels seen in this place.
 G = Mean time per level.
                   A        B        C        D        E       F      G
               +--------+--------+--------+--------+--------+-----+--------+
         Total |   3634 |   3608 |     26 |    483 |   2634 |   5 |  726.8 |
       Dungeon |   3428 |   3402 |     26 |    483 |   2442 |   4 |  857.0 |
        Temple |    205 |    205 |      0 |      0 |    192 |   1 |  205.0 |
               +--------+--------+--------+--------+--------+-----+--------+

Top non-repeatable levels by time:
     D:2: 1142 daAuts
     D:3: 1079 daAuts
     D:1: 753 daAuts
     D:4: 452 daAuts
  Temple: 205 daAuts
